 Dungeon Crawl Stone Soup version 0.31-a0-1529-g7bd419a (webtiles) character file.

Game seed: 6668257431098469264

147223 ChickenNuggs the Slayer (level 16, -3/163 (170) HPs)
             Began as a Minotaur Berserker on Dec 30, 2023.
             Was a High Priest of Trog.
             Slain by a demonic crawler (9 damage)
             ... on level 4 of the Spider Nest on Dec 31, 2023.
             The game lasted 03:17:49 (33954 turns).

ChickenNuggs the Slayer (Minotaur Berserker)       Turns: 33954, Time: 03:17:49

HP:   -3/163 (170)  AC: 25    Str: 32      XL:     16   Next: 91%
MP:   1/15          EV: 11    Int:  3 (4)  God:    Trog [*****.]
Gold: 274           SH:  5    Dex: 11      Spells: 15/15 levels left

rFire   . . .        F - +9 dire flail
rCold   . . .        (shield currently unavailable)
rNeg    . . .        q - +4 chain mail
rPois   +            g - +0 hat
rElec   .            W - +0 cloak
rCorr   +            f - +1 pair of gloves {Str+3}
SInv    .            O - +0 pair of boots
Will    +....        U - amulet of reflection
Stlth   x              - ring of poison resistance
HPRegen 0.47/turn    Q - ring of resist corrosion
MPRegen 0.14/turn

%: reflection
@: lethally poisoned (-3 -> -11), on berserk cooldown, slowed, lightly drained,
very slow
A: horns 2, retaliatory headbutt
a: Renounce Religion, Berserk, Trog's Hand, Brothers in Arms


You were on level 4 of the Spider Nest.
You worshipped Trog.
Trog was extremely pleased with you.
You visited 4 branches of the dungeon, and saw 26 of its levels.

You collected 2608 gold pieces.
You spent 2334 gold pieces at shops.

Inventory:

Hand Weapons
 b - a +3 executioner's axe
 r - a +5 great mace
 y - a +4 broad axe of flaming
 F - a +9 dire flail (weapon)
Missiles
 c - 255 stones (quivered)
 i - 55 poisoned darts
 S - 4 curare-tipped darts
Armour
 f - a +1 pair of gloves of strength (worn)
 g - a +0 hat (worn)
 q - a +4 chain mail (worn)
 v - a +2 plate armour of fire resistance
 O - a +0 pair of boots (worn)
 W - a +0 cloak (worn)
Jewellery
 a - a +6 ring of dexterity
 x - a ring of poison resistance (left hand)
 Q - a ring of resist corrosion (right hand)
 U - an amulet of reflection (around neck)
 X - a +6 ring of strength
Talismans
 s - a flux talisman
 t - a serpent talisman
 G - a maw talisman
 P - a blade talisman
Wands
 p - a wand of polymorph (11)
 z - a wand of flame (14)
 A - a wand of paralysis (23)
 K - a wand of mindburst (12)
 R - a wand of light (6)
 T - a wand of digging (5)
 Y - a wand of iceblast (6)
Scrolls
 e - a scroll of fog
 l - 6 scrolls of fear
 n - a scroll of blinking
 u - 2 scrolls of silence
 B - 4 scrolls of immolation
 H - 3 scrolls of vulnerability
 I - 3 scrolls of revelation
 J - 7 scrolls of identify
 L - 9 scrolls of teleportation
 M - 3 scrolls of noise
 Z - 2 scrolls of poison
Potions
 d - 4 potions of invisibility
 h - 3 potions of might
 j - 3 potions of attraction
 k - a potion of mutation {unknown}
 m - 6 potions of enlightenment
 o - 12 potions of curing
 w - 4 potions of lignification
 C - 2 potions of heal wounds
 N - 2 potions of haste {unknown}
 V - 2 potions of ambrosia
Miscellaneous
 E - a box of beasts


   Skills:
 + Level 22.4 Fighting
 - Level 16.2(18.8) Axes
 + Level 15.7(18.5) Maces & Flails
 * Level 18.2 Armour
 - Level 3.3 Dodging
 - Level 2.5 Shields
 - Level 3.3 Evocations


You had 15 spell levels left.
You didn't know any spells.
Your spell library was empty.

Dungeon Overview and Level Annotations

Branches:
Dungeon (15/15)            Temple (0/1) D:7            Lair (5/5) D:10
 Shoals (0/4) Lair:3       Spider (4/4) Lair:2        Slime (0/5) Lair:5
    Orc (2/2) D:9             Elf (0/3) Orc:2        Vaults (0/5) D:13
 Depths (0/4) D:15

Altars:
Cheibriados
Dithmenos
Hepliaklqana
Okawaru
Qazlal
Ru
Trog
Wu Jian
Yredelemnul
The Shining One
Jiyva

Shops:
D:9 (   D:13 ?   D:15 [*(!   Orc:2 :(**

Portals:
Pandemonium: Orc:2

Annotations:
D:5 3 runed translucent doors, Kave's ghost, novice TrSh
D:13 1 runed translucent door, Heyr's ghost, journeyman TrSh
Lair:5 3 runed translucent doors, Gimbap's ghost, journeyman DrSh; Kave's ghost, journeyman TrSh
Spider:1 2 transporters
Spider:2 3 runed translucent doors, Leboarus's ghost, journeyman GrFi
Spider:3 1 transporter, Teudis's ghost, adept OnIE


Innate Abilities, Weirdness & Mutations

You have a pair of horns on your head.
You reflexively headbutt those who attack you in melee.


Message History

The redback bites you but does no damage.
The moth of wrath angrily waves its antennae.
The broodmother moves out of view.
As you read the scroll of teleportation, it crumbles to dust.
You feel strangely unstable. The redback barely misses you.
The wolf spider hits you but does no damage.
You block the wolf spider's attack.
The redback bites you but does no damage.
The wolf spider hits you but does no damage.
The wolf spider barely misses you.
A redback comes into view.
The moth of wrath goads the redback on!
The redback goes berserk!
The redback misses you. The redback bites you!
* * * LOW HITPOINT WARNING * * *
You are lethally poisoned!
The redback poisons you! The redback misses you. You furiously retaliate!
You headbutt the redback!
You feel much better.
Your surroundings suddenly seem different.
A moth of wrath and a demonic crawler come into view.
Found a scroll of amnesia.
* * * LOW HITPOINT WARNING * * *
You feel extremely sick.
The moth of wrath's fur bristles in rage as it notices you.
The demonic crawler gives a hideous shriek!
A wolf spider comes into view.
* * * LOW HITPOINT WARNING * * *
You feel extremely sick.
The wolf spider's many legs skitter.
As you read the scroll of torment, it crumbles to dust.
Your body is wracked with pain!
* * * LOW HITPOINT WARNING * * *
The wolf spider convulses!
The moth of wrath convulses!
* * * LOW HITPOINT WARNING * * *
You feel very sick.
The moth of wrath goads the wolf spider on!
The wolf spider goes berserk!
The demonic crawler hits you but does no damage. x3
The demonic crawler hits you!
You die...

*,,.....^...,**,,,,,,
*,,..^#^...#*,,*,,,,,
#,,........,^*,,**,,,
#.,#......*,,,,,,,,**
#^#.y...###.,,,,,,*,,
#^.#..^....^,,,,,,,,,
#........^^.,,,,,,,,,
#....s...^.?*,,,,,,,,
#...@#..^...,,,,,*,*^
#.....#.^#..*,^,,,,,,
#.....#,...,,,,,,,,,*
#^...^.,^..^,,,,,,^,,
########**##*********


You could see a demonic crawler and a moth of wrath.

Vanquished Creatures
  Jorgrun (D:13)
  A fire giant (D:15)
  4 emperor scorpions
  3 ghost moths
  3 spark wasps
  Snorg (D:10)
  Josephine (D:13)
  4 hydras
  3 entropy weavers
  An ice dragon (Lair:5)
  An ogre mage (D:15)
  3 demonspawn (Orc:2)
  3 centaur warriors
  Erica (D:9)
  5 boulder beetles
  10 death yaks
  4 two-headed ogres
  A hell hog (Lair:5)
  5 orc high priests (Orc:2)
  Urug (D:10)
  13 demonic crawlers
  A deep troll earth mage (D:15)
  Nergalle (D:12)
  A sun demon (Orc:2)
  5 pharaoh ants
  2 sun moths
  4 orb spiders
  A swamp dragon (Lair:5)
  An arcanist (D:14)
  11 steelbarb worms
  6 orc knights
  10 orc sorcerers
  4 cyclopes
  2 deep elf pyromancers
  14 wolf spiders
  4 manticores (D:15)
  A merfolk siren (Lair:3)
  3 moths of wrath
  20 ugly things
  5 elephants (Lair:5)
  3 black mambas
  5 kobold blastminers
  A rust devil (Orc:2)
  3 gargoyles
  5 torpor snails
  An unseen horror zombie (D:8)
  6 rime drakes
  An unseen horror (D:12)
  14 cane toads
  An ice devil (Orc:2)
  12 komodo dragons
  3 tengu conjurers
  10 polar bears (Lair:5)
  2 hellwings (Orc:2)
  3 merfolk (Lair:3)
  4 hornets
  Grinder (D:4)
  8 trolls
  A polar bear (shapeshifter) (D:15)
  19 tarantellas
  10 blink frogs
  A hornet (shapeshifter) (D:15)
  A dream sheep (Lair:5)
  9 jumping spiders
  15 culicivoras
  4 wyverns
  28 yaks
  10 slime creatures
  5 shadows
  7 wraiths
  A basilisk (shapeshifter) (D:13)
  4 basilisks
  37 redbacks
  5 wargs
  7 steam dragons
  Menkaure (D:4)
  Edmund (D:4)
  6 vampire mosquitoes
  An acid dragon (shapeshifter) (D:14)
  5 acid dragons
  17 hell hounds (Lair:5)
  10 water moccasins
  A swamp drake (Lair:5)
  31 orc warriors
  13 black bears
  2 ice beasts
  2 laughing skulls (D:14)
  2 sky beasts (D:7)
  20 wolves
  A boggart (D:15)
  14 ogres
  A centaur (D:12)
  4 phantoms
  A kobold brigand (D:9)
  A weeping skull (D:6)
  13 bullfrogs
  3 gnoll sergeants
  4 scorpions
  2 wyvern zombies (D:8)
  4 wights (D:8)
  12 killer bees
  2 vampire bats (Lair:1)
  An electric eel (Spider:4)
  A bombardier beetle (D:5)
  2 centaur zombies (D:8)
  4 hounds
  A jelly (D:5)
  A quasit (D:7)
  20 orc priests
  4 gnoll boudas
  2 sleepcaps
  Terence (D:3)
  6 iguanas
  15 orc wizards
  A killer bee zombie (D:8)
  30 gnolls
  7 adders
  5 shadow imps
  6 white imps
  8 ufetubi
  4 dart slugs
  5 ribbon worms
  64 orcs
  16 bats
  7 endoplasms
  4 giant cockroaches
  4 goblins
  7 hobgoblins
  4 jackals (D:3)
  4 kobolds (D:1)
  3 quokkas
  6 ball pythons
  A frilled lizard (D:3)
  7 rats (D:1)
  A spectral orc (D:6)
838 creatures vanquished.

Vanquished Creatures (collateral kills)
  2 jorogumos (Spider:3)
2 creatures vanquished.

Grand Total: 840 creatures vanquished

Notes
Turn   | Place    | Note
-------+----------+-------------------------------------------
     0 | D:1      | ChickenNuggs the Minotaur Berserker began the quest for the
                  | Orb.
     0 | D:1      | Reached XP level 1. HP: 19/19 MP: 0/0
   282 | D:1      | Reached XP level 2. HP: 24/27 MP: 1/1
   303 | D:1      | Reached skill level 4 in Fighting
   689 | D:1      | Reached XP level 3. HP: 33/33 MP: 2/2
   726 | D:1      | Found a faded altar of an unknown god.
  1416 | D:2      | Reached ** piety under Trog
  1424 | D:2      | Reached skill level 5 in Axes
  1478 | D:2      | Reached XP level 4. HP: 40/40 MP: 3/3
  2386 | D:3      | Noticed Terence
  2393 | D:3      | Killed Terence
  2625 | D:3      | Reached XP level 5. HP: 47/47 MP: 4/4
  3263 | D:4      | Noticed a phantom
  3276 | D:4      | Killed a phantom
  3324 | D:4      | Reached XP level 6. HP: 53/53 MP: 5/5
  3513 | D:4      | Found an ornate altar of the Wu Jian Council.
  3581 | D:4      | Noticed Menkaure
  3595 | D:4      | Killed Menkaure
  3596 | D:4      | Reached skill level 5 in Fighting
  3671 | D:4      | Reached XP level 7. HP: 61/61 MP: 6/6
  3800 | D:4      | Identified the +0 robe of the Zebra {rElec Str-2 Dex+3}
  3822 | D:4      | Noticed Grinder
  3846 | D:4      | Killed Grinder
  4326 | D:4      | Noticed Edmund
  4339 | D:4      | Killed Edmund
  4340 | D:4      | Reached skill level 5 in Armour
  4396 | D:4      | Found a glowing golden altar of the Shining One.
  4657 | D:5      | Entered Level 5 of the Dungeon
  4665 | D:5      | Reached XP level 8. HP: 70/70 MP: 7/7
  4740 | D:5      | Found a sacrificial altar of Ru.
  4850 | D:5      | Found a shadowy altar of Dithmenos.
  4899 | D:5      | Reached skill level 6 in Fighting
  5012 | D:5      | Found a runed translucent gate.
  5012 | D:5      | Found a runed translucent gate.
  5012 | D:5      | Found a runed translucent gate.
  5013 | D:5      | Noticed Kave's ghost (novice TrSh)
  5102 | D:5      | Reached skill level 10 in Axes
  5471 | D:5      | Reached *** piety under Trog
  5779 | D:6      | Noticed a two-headed ogre
  5785 | D:6      | Killed a two-headed ogre
  5786 | D:6      | Reached skill level 7 in Fighting
  5786 | D:6      | Reached XP level 9. HP: 79/79 MP: 8/8
  5958 | D:6      | Found a basalt altar of Yredelemnul.
  6093 | D:6      | Reached skill level 8 in Fighting
  6882 | D:7      | Reached **** piety under Trog
  6910 | D:7      | Found a staircase to the Ecumenical Temple.
  7019 | D:7      | Reached skill level 9 in Fighting
  7107 | D:7      | Reached XP level 10. HP: 91/91 MP: 9/9
  7408 | D:7      | Found an iron altar of Okawaru.
  7995 | D:8      | Found a snail-covered altar of Cheibriados.
  8064 | D:8      | Reached skill level 1 in Maces & Flails
  8324 | D:8      | Reached skill level 10 in Fighting
  8450 | D:9      | Noticed Erica
  8461 | D:9      | Killed Erica
  8462 | D:9      | Reached skill level 5 in Maces & Flails
  8561 | D:9      | Found a bloodstained altar of Trog.
  8809 | D:9      | Found Bytuoc's Antique Weapon Boutique.
  8889 | D:9      | Found a staircase to the Orcish Mines.
  9403 | D:9      | Reached XP level 11. HP: 98/101 MP: 10/10
  9855 | D:10     | Entered Level 10 of the Dungeon
  9897 | D:10     | Found a staircase to the Lair.
  9913 | D:10     | Found a stormy altar of Qazlal.
 10457 | D:10     | Noticed a brown ugly thing
 10462 | D:10     | Killed a brown ugly thing
 10463 | D:10     | Reached skill level 10 in Maces & Flails
 10569 | D:10     | Noticed Urug
 10580 | D:10     | Killed Urug
 11055 | D:10     | Noticed Snorg
 11065 | D:10     | Killed Snorg
 11066 | D:10     | Reached skill level 11 in Fighting
 11128 | D:10     | Found a hazy altar of Hepliaklqana.
 11160 | Lair:1   | Entered Level 1 of the Lair of Beasts
 11356 | Lair:1   | Reached skill level 12 in Fighting
 11678 | Lair:1   | Reached skill level 13 in Fighting
 12261 | Lair:2   | Reached ***** piety under Trog
 12307 | Lair:2   | Found a hole to the Spider Nest.
 12368 | Lair:2   | Reached XP level 12. HP: 94/116 MP: 11/11
 12381 | Lair:2   | Reached skill level 14 in Fighting
 12523 | Lair:2   | Paralysed by a hornet for 2 turns
 12673 | Lair:2   | Identified the +3 quarterstaff "Juhy" {protect, rElec
                  | Str+4}
 12754 | Lair:2   | Found a gate leading to a gauntlet.
 12759 | Lair:2   | Noticed a death yak
 12759 | Lair:2   | Noticed a death yak
 12759 | Lair:2   | Noticed a death yak
 12759 | Lair:2   | Noticed a death yak
 12772 | Lair:2   | Noticed a death yak
 12785 | Lair:2   | Killed a death yak
 12786 | Lair:2   | Reached skill level 15 in Fighting
 12790 | Lair:2   | Killed a death yak
 12794 | Lair:2   | Killed a death yak
 12800 | Lair:2   | Killed a death yak
 12804 | Lair:2   | Killed a death yak
 12805 | Lair:2   | Reached skill level 16 in Fighting
 13549 | Lair:3   | Reached skill level 17 in Fighting
 13574 | Lair:3   | You fall into a shaft and drop 2 floors!
 13574 | Lair:5   | Entered Level 5 of the Lair of Beasts
 13726 | Lair:5   | Noticed a death yak
 13738 | Lair:5   | Killed a death yak
 13810 | Lair:5   | Noticed a seven-headed hydra
 13822 | Lair:5   | Killed a seven-headed hydra
 13918 | Lair:5   | Reached XP level 13. HP: 130/134 MP: 12/12
 14202 | Lair:3   | Reached skill level 18 in Fighting
 14488 | Lair:3   | Found a staircase to the Shoals.
 16186 | Lair:5   | Found a runed translucent gate.
 16186 | Lair:5   | Found a runed translucent gate.
 16186 | Lair:5   | Found a runed translucent gate.
 16193 | Lair:5   | Noticed Gimbap's ghost (journeyman DrSh)
 16193 | Lair:5   | Noticed Kave's ghost (journeyman TrSh)
 16200 | Lair:5   | Reached skill level 10 in Armour
 17231 | Lair:5   | Found a viscous altar of Jiyva.
 17231 | Lair:5   | Found a staircase to the Slime Pits.
 17483 | Lair:5   | Reached skill level 19 in Fighting
 17519 | Lair:5   | Received a gift from Trog
 17524 | Lair:5   | Reached skill level 1 in Shields
 17748 | Lair:5   | Reached XP level 14. HP: 106/146 MP: 13/13
 18536 | D:11     | Found a shadowy altar of Dithmenos.
 18633 | D:11     | Found a frozen archway.
 19138 | D:11     | Identified 2 scrolls of acquirement
 19138 | D:11     | Acquired a +4 broad axe of flaming
 19141 | D:11     | Acquired a +4 scale mail of fire resistance
 19674 | D:12     | Reached skill level 1 in Evocations
 19763 | D:12     | Noticed Nergalle
 19768 | D:12     | Killed Nergalle
 20336 | Orc:1    | Entered Level 1 of the Orcish Mines
 20338 | Orc:1    | Paralysed by an orc sorcerer for 4 turns
 20613 | D:9      | Paralysed by an orc sorcerer for 2 turns
 20770 | Orc:1    | Reached skill level 20 in Fighting
 21009 | Orc:2    | Entered Level 2 of the Orcish Mines
 21069 | Orc:2    | Found Xeras's General Store.
 21098 | Orc:2    | Received a gift from Trog
 21456 | Orc:2    | Found Viecat's General Store.
 21749 | Orc:2    | Reached skill level 15 in Axes
 21761 | Orc:2    | Paralysed by an orc sorcerer for 5 turns
 22553 | Orc:2    | Paralysed by an orc sorcerer for 2 turns
 22608 | Orc:2    | Found Qiothokk's Book Shoppe.
 22608 | Orc:2    | Found Laav's Antique Weapon Emporium.
 22615 | Orc:2    | Found a one-way gate leading to the halls of Pandemonium.
 22803 | Orc:2    | Bought 4 poisoned darts for 33 gold pieces
 22803 | Orc:2    | Bought a +0 hat for 56 gold pieces
 22803 | Orc:2    | Bought a box of beasts for 560 gold pieces
 22936 | Orc:2    | Found a staircase to the Elven Halls.
 23187 | D:12     | Received a gift from Trog
 23244 | D:13     | Noticed Heyr's ghost (journeyman TrSh)
 23244 | D:13     | Found Pextusis's Magic Scroll Boutique.
 23451 | D:13     | Found a runed translucent door.
 23567 | D:13     | Bought a scroll of teleportation for 36 gold pieces
 23567 | D:13     | Bought a scroll of teleportation for 36 gold pieces
 23567 | D:13     | Bought a scroll of teleportation for 36 gold pieces
 23567 | D:13     | Bought a scroll of silence for 114 gold pieces
 23567 | D:13     | Bought a scroll of enchant armour for 90 gold pieces
 23597 | D:13     | Noticed Josephine
 23610 | D:13     | Killed Josephine
 23611 | D:13     | Reached XP level 15. HP: 143/156 MP: 14/14
 23616 | D:13     | Noticed Jorgrun
 23634 | D:13     | Killed Jorgrun
 23900 | D:13     | Found a gate to the Vaults.
 24167 | D:14     | Upgraded the game from 0.31-a0-1522-g43313d8 to
                  | 0.31-a0-1529-g7bd419a
 24574 | D:14     | Reached skill level 15 in Armour
 25108 | D:15     | Entered Level 15 of the Dungeon
 25740 | D:15     | Found Jiunosh's Armour Shop.
 25936 | D:15     | Found Kealuyqo's Assorted Antiques.
 25941 | D:15     | Bought a +1 pair of gloves of strength for 214 gold pieces
 25955 | D:15     | Bought a +1 plate armour of fire resistance for 455 gold
                  | pieces
 25966 | D:15     | Bought a scroll of enchant weapon for 225 gold pieces
 25966 | D:15     | Bought a potion of curing for 90 gold pieces
 25966 | D:15     | Bought a potion of might for 120 gold pieces
 25966 | D:15     | Bought a potion of heal wounds for 150 gold pieces
 26000 | D:15     | Noticed a fire giant
 26016 | D:15     | Killed a fire giant
 26075 | D:15     | Found a staircase to the Depths.
 26479 | D:15     | Found Gocia's Jewellery Boutique.
 26841 | D:15     | Reached skill level 21 in Fighting
 26983 | D:15     | Found Ehemar's Distillery.
 26992 | D:15     | Bought a potion of curing for 51 gold pieces
 26992 | D:15     | Bought a potion of might for 68 gold pieces
 27021 | D:15     | Found Daimy's Antique Weapon Boutique.
 27025 | D:15     | Identified the orb of Relativism {*channel, rN+ Dex+3}
 27266 | Spider:1 | Entered Level 1 of the Spider Nest
 27480 | Spider:1 | You fall into a shaft and drop 1 floor!
 27527 | Spider:2 | Received a gift from Trog
 27580 | Spider:1 | Found a transporter.
 27636 | Spider:1 | Identified the +2 leather armour of Efaoxuesh {Harm ^Drain
                  | rPois Will++}
 27737 | Spider:1 | Found a transporter.
 28117 | Spider:1 | Identified the +7 glaive of Ryoq {heavy, *Rage rN+++ Int-2
                  | SInv}
 28354 | Spider:1 | Reached XP level 16. HP: 119/167 MP: 15/15
 28555 | Spider:1 | Identified the +1 robe of Inviolability {SInv}
 29993 | Spider:2 | Found a runed translucent gate.
 29994 | Spider:2 | Found a runed translucent gate.
 30001 | Spider:2 | Found a runed translucent gate.
 30003 | Spider:2 | Noticed Leboarus's ghost (journeyman GrFi)
 30095 | Spider:2 | Reached ****** piety under Trog
 30817 | Spider:3 | Reached skill level 15 in Maces & Flails
 31569 | Spider:3 | Reached skill level 22 in Fighting
 32042 | Spider:3 | Noticed Teudis's ghost (adept OnIE)
 32059 | Spider:3 | Found a transporter.
 32281 | Spider:4 | Entered Level 4 of the Spider Nest
 33476 | Spider:4 | Received a gift from Trog
 33948 | Spider:4 | HP: 1/163 [wolf spider (16)]
 33954 | Spider:4 | HP: 6/163 [poisoned by a redback]
 33954 | Spider:4 | Slain by a demonic crawler

Illustrated notes

Levels and vault maps discovered:
D:1:      minmay_arrival_shattered_statue, layout_loops_corners,
          shapermc_ecumenical_altar_rom_forum
D:2:      layout_loops_corners, grunt_ministairs_4
D:3:      layout_loops_ring, chequers_avenue, minmay_strange_pillars,
          uniq_terence
D:4:      layout_basic, mainiacjoe_overflow_24_doors,
          nicolae_tso_carved_into_rock, corexii_item_surrounded_by_moat,
          uniq_menkaure, uniq_grinder, uniq_edmund
D:5:      layout_rooms, overflow_temple_1_default,
          nicolae_ru_sacrificial_ziggurat, gammafunk_ghost_nasty_kobolds,
          serial_library_hellmonk_octagon
D:6:      layout_loops_ring, yredelemnul_forgotten_temple_becter,
          hangedman_glass_teeth
D:7:      layout_loops_ring, nicolae_overflow_hidden_temple,
          minmay_temple_entry_waves, serial_demonic, serial_demonic_f,
          serial_demonic_f, serial_demonic_g, serial_demonic_c,
          serial_demonic_d, serial_demonic_g
D:8:      layout_basic, mainiacjoe_overflow_brackets, serial_undead,
          serial_undead_d, serial_undead_f, serial_undead_f, serial_undead_e
D:9:      kennysheep_seaside_town, layout_basic, bloody_trog, orc_0_dummy,
          serial_shops, nicolae_shop_crystal, uniq_erica
D:10:     layout_stronghold, kennysheep_mini_moat,
          worldfamousw_hep_ancestral_shrine, uniq_snorg, uniq_urug
D:11:     layout_loops_ring, portal_ice_cave_entry_pillars_2,
          grunt_dithmenos_smoke
D:12:     layout_stronghold, uniq_nergalle
D:13:     layout_rooms, hellmonk_vaults_attempted_burglary,
          hellmonk_ghost_big_iron, serial_shops, shop, nicolae_titane,
          uniq_josephine, uniq_jorgrun
D:14:     layout_roguey, reono_crystal_passage
D:15:     hellmonk_depths_entry_around_the_bend, layout_basic, minivault_19,
          serial_shops, shop, shop, nicolae_shop_industrial_runoff,
          nicolae_shop_gaudy_bauble, nicolae_shop_tiny_statue_garden,
          ldierk_geyser, grunt_decor_one_mirror
Lair:1:   layout_regular_city, serial_forest, infiniplex_forest_diagonal,
          infiniplex_forest_corner_2, infiniplex_forest_lined_2,
          infiniplex_forest_3_way, st_stairs_11, fungi_pond_lemuel,
          roderic_batcave, infiniplex_staircase_pool_2, serial_bayou_shore_b
Lair:2:   layout_roguey, nicolae_spider_entry_non_spiders,
          gauntlet_entry_generic, dreamdust_wasp_nest
Lair:3:   layout_cellular_growth, elwin_shoals_entry_stream
Lair:4:   layout_cave_pods, enter_volcano_4
Lair:5:   hangedman_lair_caniforms_friends, layout_layer_cave,
          guppyfry_lair_end_dragon, slime_entry_1, gammafunk_ghost_cemetery,
          st_stairs_13
Spider:1: gammafunk_boulding_lane, hellmonk_motheaten_closet
Spider:2: layout_cave_pods, gammafunk_ghost_necromancy, nicolae_crawler_farm
Spider:3: layout_spider_delve, gammafunk_ghost_mausoleum
Spider:4: grunt_spider_rune_circles
Orc:1:    layout_caves
Orc:2:    pf_orc_diabolical, layout_caves

Skill      XL: |  1  2  3  4  5  6  7  8  9 10 11 12 13 14 15 16 |
---------------+-------------------------------------------------+-----
Axes           | 4 5 6 7 8 9 11 13 14 16 | 16.2
Fighting       | 4 5 7 9 10 13 17 19 20 21 22 | 22.4
Armour         | 3 4 5 6 7 8 13 14 16 18 | 18.2
Dodging        | 3 |  3.3
Maces & Flails | 7 10 14 15 | 15.7
Shields        | 1 2 |  2.5
Evocations     | 3 |  3.3

Action                     |  1- 3 |  4- 6 |  7- 9 | 10-12 | 13-15 | 16-18 || total
---------------------------+-------+-------+-------+-------+-------+-------++-------
  Melee: Hand axe          |    87 |   101 |   129 |       |       |       ||   317
         Headbutt          |     9 |    19 |    47 |   107 |   256 |    82 ||   520
         Punch             |     1 |       |     7 |     2 |     2 |       ||    12
         War axe           |       |       |   112 |    87 |       |       ||   199
         Dire flail        |       |       |       |   445 |   900 |   363 ||  1708
         Broad axe         |       |       |       |       |   221 |       ||   221
 Invoke: Berserk           |       |     6 |     9 |    15 |    26 |    13 ||    69
         Trog's Hand       |       |       |       |       |     1 |       ||     1
         Brothers in Arms  |       |       |       |       |       |     2 ||     2
  Evoke: Wand              |       |       |       |       |     1 |       ||     1
    Use: Scroll            |       |       |     8 |     6 |    19 |     6 ||    39
         Potion            |       |       |       |       |     3 |     3 ||     6
 Armour: Chain mail        |    53 |    43 |   143 |   328 |   666 |   477 ||  1710
         Plate armour      |       |     9 |       |       |       |       ||     9
  Dodge: Dodged            |    31 |    37 |    83 |   173 |   359 |   216 ||   899
  Block: Other             |       |       |       |       |   140 |    69 ||   209
         Reflection        |       |       |       |       |    15 |       ||    15

Table legend: (Time is in decaauts)
 A = Elapsed time spent in this place.
 B = Non-inter-level travel time spent in this place.
 C = Inter-level travel time spent in this place.
 D = Time resting spent in this place.
 E = Time spent auto-exploring this place.
 F = Levels seen in this place.
 G = Mean time per level.
                   A        B        C        D        E       F      G
               +--------+--------+--------+--------+--------+-----+--------+
         Total |  33936 |  32453 |   1483 |  11285 |  10390 |  26 | 1305.2 |
       Dungeon |  17687 |  16814 |    873 |   4456 |   6361 |  15 | 1179.1 |
          Lair |   7222 |   6978 |    244 |   2083 |   3034 |   5 | 1444.4 |
   Spider Nest |   6660 |   6405 |    255 |   3856 |    504 |   4 | 1665.0 |
  Orcish Mines |   2366 |   2256 |    110 |    888 |    490 |   2 | 1183.0 |
               +--------+--------+--------+--------+--------+-----+--------+

Top non-repeatable levels by time:
Spider:2: 2631 daAuts
  Lair:5: 2590 daAuts
Spider:3: 2205 daAuts
     D:9: 1851 daAuts
     D:4: 1641 daAuts
    D:14: 1608 daAuts
    D:15: 1597 daAuts
   Orc:2: 1552 daAuts
    D:12: 1439 daAuts
  Lair:3: 1371 daAuts
    D:10: 1348 daAuts
Spider:1: 1269 daAuts
  Lair:1: 1186 daAuts
  Lair:2: 1143 daAuts
     D:1: 1074 daAuts
